AoeStats
← Nopec

Nomad

507293776Analyzed
4v4 RM · 16d ago on Sep 17, 2026· 41m 39s· 8 players
Game mode
Random Map
Map size
231×231
Population
200
Speed
Normal
Resources
Standard
Victory
Conquest
Starting age
Dark Age
Ending age
Imperial Age
RankedLock teamsTeams togetherTeam positionsShared explorationLock speedFull tech treeHidden civsTurbo modeCheats
Victory
Defeat
🇹🇷 Wu · Türkiye
756
+13
🇩🇪 Britons · Germany
742
+14
🇨🇳 Vietnamese · China
736
+14
🇫🇷 Huns · France
729
+14
🇨🇱 Koreans · Chile
698
-14
🇨🇱 Persians · Chile
694
-14
🇲🇽 Lithuanians · Mexico
687
-14
🇺🇸 Mongols · United States
682
-13
KRM Draykon
18:55 Feudal Age
24:36 Castle Age
23:05 Stone Mining
28:59 Wheelbarrow
28:42 Forging
28:38 Scale Barding Armor
29:25 Town Watch
30:51 Marauders
33:13 Wheelbarrow
32:29 Double-Bit Axe
32:30 Horse Collar
39:45 Bow Saw
Erdal Kömürcü
11:40 Loom
14:18 Feudal Age
14:50 Double-Bit Axe
20:43 Fletching
20:54 Padded Archer Armor
21:04 Forging
25:55 Castle Age
23:52 Stone Mining
25:12 Forging
27:56 Iron Casting
27:21 Scale Mail Armor
27:16 Bodkin Arrow
29:29 Bow Saw
31:26 Gold Mining
32:12 Stone Shaft Mining
32:30 Clinker Construction
35:53 Wheelbarrow
35:03 Town Watch
35:56 Gold Shaft Mining
37:20 Ballistics
38:17 Hand Cart
38:02 Town Patrol
42:36 Imperial Age
Nopec
8:02 Loom
15:11 Feudal Age
15:35 Horse Collar
15:41 Double-Bit Axe
16:35 Fishing Lines
18:29 Fletching
19:17 Wheelbarrow
21:53 Castle Age
21:07 Stone Mining
21:08 Gold Mining
22:04 Crossbowman
22:41 Bodkin Arrow
24:49 Hand Cart
24:19 Town Watch
24:35 Murder Holes
25:17 Ballistics
27:26 Padded Archer Armor
28:14 Bow Saw
28:10 Heavy Plow
29:00 Gold Shaft Mining
29:24 Gillnets
35:22 Yeomen
38:36 Imperial Age
39:08 Town Patrol
38:52 Treadmill Crane
39:22 Masonry
39:30 Leather Archer Armor
39:40 Siege Engineers
39:20 Arbalester
40:56 Bracer
42:53 Chemistry
西百拉米
10:39 Loom
16:14 Feudal Age
16:53 Double-Bit Axe
17:33 Town Watch
20:14 Wheelbarrow
27:29 Gold Mining
28:02 Fletching
30:58 Castle Age
30:57 Stone Mining
32:04 Hand Cart
32:02 Bow Saw
32:35 Stone Shaft Mining
32:20 Bodkin Arrow
32:25 Padded Archer Armor
32:32 Town Patrol
33:32 Fishing Lines
35:44 Horse Collar
38:24 Leather Archer Armor
38:15 Thumb Ring
Alyosha
14:00 Feudal Age
17:25 Double-Bit Axe
21:29 Castle Age
20:54 Horse Collar
21:14 Gold Mining
24:57 Heavy Plow
25:21 Stone Mining
29:47 Wheelbarrow
29:33 Loom
29:34 Town Watch
35:00 Imperial Age
33:35 Stone Shaft Mining
36:15 Hand Cart
36:01 Town Patrol
37:46 Conscription
40:29 Elite Mangudai
anzolablan
18:19 Feudal Age
20:16 Feudal Age
21:14 Arson
20:50 Man-at-Arms
26:04 Castle Age
24:45 Forging
24:49 Gold Mining
26:20 Double-Bit Axe
27:11 Long Swordsman
32:51 Squires
39:52 Iron Casting
39:23 Scale Barding Armor
39:58 Loom
40:34 Fervor
PerdiendoConCan
10:12 Loom
14:15 Feudal Age
20:11 Double-Bit Axe
22:30 Castle Age
22:55 Elite Skirmisher
25:29 Fletching
elguille911
19:15 Feudal Age
20:33 Fishing Lines
23:33 Castle Age
25:31 Gillnets
25:44 Scale Mail Armor
25:55 Forging
25:50 Scale Barding Armor
Connection lost

Rejoining the realm…

Still unreachable

The connection could not be restored.

Session expired

The server has moved on; the page needs a fresh start.